 Dungeon Crawl Stone Soup version 0.29-a0-243-g602b31c20e (webtiles) character file.

Game seed: 6215422640574499637

6188 ReploidZero the Grappler (level 8, 0/87 HPs)
             Began as a Troll Gladiator on Mar 4, 2022.
             Was a Priest of Ru.
             Slain by a hornet (1 damage)
             ... on level 9 of the Dungeon.
             The game lasted 00:21:59 (7008 turns).

ReploidZero the Grappler (Troll Gladiator)          Turns: 7008, Time: 00:22:01

Health: 0/87       AC:  9    Str: 26      XL:     8   Next: 60%
Magic:  7/7        EV: 12    Int:  3 (4)  God:    Ru [***...]
Gold:   589        SH:  0    Dex: 12 (13) Spells: 7/7 levels left

rFire   . . .      SeeInvis .     - Unarmed
rCold   x . .      Faith    +   (no shield)
rNeg    . . .      Spirit   .   r - +0 steam dragon scales
rPois   +          Reflect  .   b - +0 hat
rElec   .          Harm     .   t - +1 cloak
rCorr   .          Rampage  .   (gloves unavailable)
Will    .....                   (boots unavailable)
Stlth   +.........              p - amulet of faith
HPRegen 1.04/turn               A - ring of protection from fire
MPRegen 0.10/turn               h - ring of poison resistance

@: lethally poisoned (0 -> -1)
A: large, unfitting armour, claws 3, regeneration 1, shaggy fur 1, tough skin 1,
inexperienced 1, temperature sensitive
a: Renounce Religion, Draw Out Power


You were on level 9 of the Dungeon.
You worshipped Ru.
Ru was most pleased with you.
You visited 2 branches of the dungeon, and saw 10 of its levels.
You also visited: Ossuary.

You collected 589 gold pieces.

Inventory:

Missiles
 c - 3 throwing nets
 D - 14 poisoned darts
 H - 6 javelins
 N - 2 curare-tipped darts
 O - 11 boomerangs (quivered)
Armour
 a - a +0 robe
 b - a +0 hat (worn)
 r - +0 steam dragon scales (worn)
 t - a +1 cloak (worn)
Jewellery
 f - a +6 ring of strength
 h - a ring of poison resistance (right claw)
 i - an amulet of the acrobat
 j - a ring of resist corrosion
 m - a +6 ring of dexterity
 p - an amulet of faith (around neck)
 q - a ring of magical power
 w - a ring of positive energy
 A - a ring of protection from fire (left claw)
 G - an amulet of guardian spirit
Wands
 C - a wand of iceblast (15)
 M - a wand of digging (5)
 Q - a wand of flame (17)
Scrolls
 e - a scroll of magic mapping
 g - 2 scrolls of identify
 k - 5 scrolls of vulnerability
 l - a scroll of torment
 o - 5 scrolls of teleportation
 y - 2 scrolls of blinking
 z - a scroll of amnesia
 P - 2 scrolls of fog
Potions
 d - 3 potions of attraction
 n - 4 potions of heal wounds
 s - 3 potions of curing
 u - a potion of lignification
 v - 2 potions of mutation
 x - 2 potions of invisibility
 B - 2 potions of resistance
 I - 2 potions of might
 J - 3 potions of flight
 K - 2 potions of ambrosia
 L - 2 potions of brilliance


   Skills:
 + Level 7.0 Fighting
 + Level 7.6 Throwing
 + Level 7.2 Dodging
 + Level 8.6 Unarmed Combat


You had 7 spell levels left.
You didn't know any spells.
Your spell library contained the following spells:

 Spells                   Type           Power      Damage    Failure   Level
 Animate Skeleton         Necr           0%         N/A       52%         1
 Pain                     Necr           0%         1d4       52%         1
 Ensorcelled Hibernation  Hex/Ice        0%         N/A       67%         2
 Gell's Gravitas          Tloc           0%         N/A       88%         3
 Lesser Beckoning         Tloc           0%         N/A       88%         3
 Spider Form              Tmut/Pois      0%         N/A       88%         3
 Stone Arrow              Conj/Erth      0%         3d7       88%         3
 Teleport Other           Tloc           0%         N/A       88%         3
 Tukima's Dance           Hex            0%         N/A       88%         3
 Vampiric Draining        Necr           0%         2d6       88%         3
 Anguish                  Hex/Necr       0%         N/A       99%         4
 Animate Armour           Summ/Erth      0%         N/A       99%         4
 Passage of Golubria      Tloc           0%         N/A       99%         4
 Blade Hands              Tmut           0%         N/A       100%        5
 Irradiate                Conj/Tmut      0%         3d13      100%        5
 Yara's Violent Unravell  Hex/Tmut       0%         3d3       100%        5
 Dragon Form              Tmut           0%         N/A       100%        7
 Malign Gateway           Summ/Tloc      0%         N/A       100%        7
 Lehudib's Crystal Spear  Conj/Erth      0%         10d2      100%        8
 Summon Horrible Things   Summ           0%         N/A       100%        8


Dungeon Overview and Level Annotations

Branches:
Dungeon (9/15)             Temple (1/1) D:5         Ossuary (visited)
   Lair: D:8-11         Orc: D:9-12

Altars:
Ashenzari
Cheibriados
Dithmenos
Elyvilon
Fedhas
Gozag
Hepliaklqana
Kikubaaqudgha
Makhleb
Nemelex Xobeh
Okawaru
Qazlal
Ru
Sif Muna
Trog
Uskayaw
Vehumet
Wu Jian
Xom
Yredelemnul
Zin
The Shining One

Shops:
D:4 *


Innate Abilities, Weirdness & Mutations

You are too large for most types of armour.
You have claws for hands.
Your natural rate of healing is unusually fast.
You are covered in fur. (AC +1)
You have tough skin. (AC +1)
You are somewhat inexperienced. (-2 XL)
You are sensitive to extremes of temperature. (rF-, rC-)


Message History

You are too injured to fight recklessly!
You are too injured to fight recklessly!
Unknown command.
Found a scroll of identify.
You feel very sick. The hornet closely misses you. The hornet misses you.
You miss the hornet.
The hornet is severely wounded.
You feel yourself speed up.
You feel very sick. The hornet closely misses you.
The hornet stings you but does no damage.
You scratch the hornet.
The hornet is severely wounded.
You feel sick. The hornet stings you.
You are more poisoned.
You miss the hornet.
The hornet is severely wounded.
You feel very sick. The hornet barely misses you. The hornet stings you.
* * * LOW HITPOINT WARNING * * *
You feel yourself slow down.
You miss the hornet.
The hornet is severely wounded.
You feel very sick.
The hornet stings you but does no damage. x2
You scratch the hornet.
The hornet is almost dead.
You feel very sick.
The hornet is stunned by your conviction and fails to attack.
The hornet stings you!
* * * LOW HITPOINT WARNING * * *
You scratch the hornet but do no damage.
The hornet is almost dead.
You feel yourself speed up.
* * * LOW HITPOINT WARNING * * *
You feel sick.
The hornet stings you but does no damage.
The hornet stings you.
You die...

###########
###.#.#.#(#.##
#.......[....#
#.#.#.#.#.#.##
###....)<......#
#....#.#.#)#.#.##
#......).)......
#....#.#.#.#.#.#
.......@......$..
.....#.#y#.#.#.#.#
?.................
.....#.#.#.#.#.##
.....##.########
.... . ... . ...
#.


You could see a hornet.

Vanquished Creatures
  Maggie (D:6)
  A wyvern (D:6)
  Grum (D:8)
  2 steam dragons
  Menkaure (D:6)
  6 water moccasins
  2 orc warriors
  A black bear (D:7)
  A sky beast (D:6)
  2 hornet zombies (Ossuary)
  2 wolves (D:8)
  2 ogres
  2 centaurs
  3 phantoms
  A kobold brigand (D:7)
  4 necrophages
  Blork the orc (D:6)
  4 bullfrogs
  2 gnoll sergeants
  4 scorpions
  2 wyvern zombies (Ossuary)
  A water moccasin zombie (Ossuary)
  7 wights (D:8)
  6 killer bees (D:8)
  A howler monkey (D:7)
  2 centaur zombies (Ossuary)
  A bullfrog zombie (Ossuary)
  3 orc priests
  6 hounds
  A gnoll shaman (D:5)
  3 jellies
  9 iguanas
  5 orc wizards
  A killer bee zombie (Ossuary)
  14 mummies (Ossuary)
  15 gnolls
  10 adders
  A shadow imp (D:6)
  3 white imps
  An ufetubus (D:5)
  2 worms
  2 dart slugs (D:4)
  32 orcs
  10 ball pythons
  4 bats
  8 endoplasms
  8 giant cockroaches
  3 hobgoblins (D:1)
  2 jackals (D:2)
  2 quokkas (D:4)
  8 frilled lizards
  8 goblins
  4 kobolds
  A kobold zombie (D:4)
  2 rats (D:3)
231 creatures vanquished.

Vanquished Creatures (others)
  A wolf (D:8)
  An orc wizard (D:4)
  2 gnolls (D:9)
  An adder (D:4)
  An orc (D:4)
  6 withered plants (Ossuary)
12 creatures vanquished.

Grand Total: 243 creatures vanquished

Notes
Turn   | Place    | Note
-------+----------+-------------------------------------------
     0 | D:1      | ReploidZero the Troll Gladiator began the quest for the
                  | Orb.
     0 | D:1      | Reached XP level 1. HP: 19/19 MP: 0/0
    94 | D:1      | Reached XP level 2. HP: 23/28 MP: 1/1
   104 | D:1      | Found a faded altar of an unknown god.
   304 | D:1      | You fall into a shaft and drop 1 floor!
   562 | D:2      | Reached XP level 3. HP: 35/35 MP: 2/2
   581 | D:2      | Found an ornate altar of the Wu Jian Council.
   628 | D:2      | Reached XP level 4. HP: 30/42 MP: 3/3
  1358 | D:3      | Reached XP level 5. HP: 46/50 MP: 4/4
  1393 | D:3      | Reached skill level 4 in Unarmed Combat
  1832 | D:4      | Noticed a phantom
  1843 | D:4      | Killed a phantom
  1844 | D:4      | Reached XP level 6. HP: 36/61 MP: 5/5
  2028 | D:4      | Found a runed translucent door.
  2028 | D:4      | Noticed a human
  2032 | D:4      | Found a basalt altar of Yredelemnul.
  2148 | D:4      | Found a sand-covered staircase.
  2182 | Ossuary  | Entered an ossuary
  2201 | Ossuary  | Reached XP level 7. HP: 67/67 MP: 6/6
  2216 | Ossuary  | Reached skill level 5 in Unarmed Combat
  2369 | Ossuary  | Reached XP level 8. HP: 71/78 MP: 7/7
  2730 | D:4      | Found Cataazil's Fire Supplies.
  3104 | D:5      | Entered Level 5 of the Dungeon
  3201 | D:5      | Found a staircase to the Ecumenical Temple.
  3296 | Temple   | Entered the Ecumenical Temple
  3553 | Temple   | Became a worshipper of Ru the Awakened
  3680 | D:5      | Reached skill level 5 in Throwing
  3682 | D:5      | Reached skill level 5 in Dodging
  3702 | D:5      | Reached skill level 6 in Unarmed Combat
  4102 | D:6      | Noticed Menkaure
  4118 | D:6      | Killed Menkaure
  4122 | D:6      | Reached skill level 5 in Fighting
  4209 | D:6      | Reached XP level 9. HP: 63/88 MP: 8/8
  4380 | D:6      | Noticed Maggie
  4391 | D:6      | Killed Maggie
  4477 | D:6      | Reached skill level 7 in Unarmed Combat
  4530 | D:6      | Gained mutation: You are somewhat inexperienced. (-2 XL)
                  | [Ru sacrifice]
  4530 | D:6      | Reached XP level 8. HP: 83/83 MP: 7/7
  4530 | D:6      | Reached XP level 7. HP: 74/74 MP: 6/6
  4530 | D:6      | Reached * piety under Ru
  4530 | D:6      | Reached ** piety under Ru
  4601 | D:6      | Noticed Blork the orc
  4609 | D:6      | Killed Blork the orc
  5132 | D:7      | Reached XP level 8. HP: 48/83 MP: 7/7
  5327 | D:7      | Reached skill level 8 in Unarmed Combat
  6265 | D:8      | Gained mutation: You are sensitive to extremes of
                  | temperature. (rF-, rC-) [Ru sacrifice]
  6265 | D:8      | Reached *** piety under Ru
  6531 | D:8      | Noticed Grum
  6543 | D:8      | Killed Grum
  7007 | D:9      | HP: 2/87 [hornet (13)]
  7008 | D:9      | Slain by a hornet

Illustrated notes

Levels and vault maps discovered:
D:1:      dpeg_arrival_simpleton_c, layout_rooms,
          chequers_ecumenical_altar_simple
D:2:      layout_rooms, basic_altar, minmay_lizard_pond
D:3:      layout_loops_ring, ebering_dispersal_statue_hall
D:4:      layout_gridville, dk_yredelemnul_ordeal, enter_ossuary_1,
          nicolae_shop_fire_sale [nicolae_sub_dead_trees],
          minmay_increasing_density
D:5:      layout_gridville, minmay_temple_entry_mist
D:6:      cheibrodos_barr_body, layout_basic, uniq_maggie, uniq_menkaure,
          uniq_blork_the_orc
D:7:      hangedman_cross_stitches, layout_loops_ring, kennysheep_generic_room_3
D:8:      layout_loops_ring, uniq_grum
D:9:      layout_basic, st_stairs_10, kennysheep_cluttered_room
Temple:   mainiacjoe_temple_archimedes_tessellation

Skill      XL: |  1  2  3  4  5  6  7  8  9 |
---------------+----------------------------+-----
Throwing       | 2 3 4 7 6 |  7.6
Fighting       | 2 3 6 7 |  7.0
Dodging        | 3 4 7 6 |  7.2
Unarmed Combat | 4 5 8 7 |  8.6

Action                   |  1- 3 |  4- 6 |  7- 9 || total
-------------------------+-------+-------+-------++-------
Melee: Unarmed           |    77 |   149 |   497 ||   723
       Punch             |       |     8 |    22 ||    30
Throw: Throwing net      |       |       |     1 ||     1
Invok: Sacrifice Experie |       |       |     1 ||     1
       Sacrifice Resista |       |       |     1 ||     1
  Use: Scroll            |       |     8 |    12 ||    20
       Potion            |       |       |     7 ||     7
 Stab: Sleeping          |     1 |     1 |     1 ||     3
       Invisible         |       |       |     2 ||     2
Armor: Robe              |    13 |    36 |    86 ||   135
       Steam dragon scal |       |       |    38 ||    38
Dodge: Dodged            |    41 |    90 |   319 ||   450

Table legend: (Time is in decaauts)
 A = Elapsed time spent in this place.
 B = Non-inter-level travel time spent in this place.
 C = Inter-level travel time spent in this place.
 D = Time resting spent in this place.
 E = Time spent auto-exploring this place.
 F = Levels seen in this place.
 G = Mean time per level.
                   A        B        C        D        E       F      G
               +--------+--------+--------+--------+--------+-----+--------+
         Total |   6958 |   6488 |    470 |     33 |   4669 |  11 |  632.5 |
       Dungeon |   6269 |   5846 |    423 |     33 |   4235 |   9 |  696.6 |
        Temple |    269 |    222 |     47 |      0 |    202 |   1 |  269.0 |
       Ossuary |    419 |    419 |      0 |      0 |    231 |   1 |  419.0 |
               +--------+--------+--------+--------+--------+-----+--------+

Top non-repeatable levels by time:
     D:6: 1061 daAuts
     D:4: 988 daAuts
     D:7: 967 daAuts
     D:8: 761 daAuts
     D:5: 742 daAuts
     D:3: 700 daAuts
     D:2: 508 daAuts
     D:1: 495 daAuts
 Ossuary: 419 daAuts
  Temple: 269 daAuts
     D:9: 43 daAuts
